 Dungeon Crawl Stone Soup version 0.27.1-3-gb3d3a73c9e (webtiles) character file.

Game seed: 3941946412956072034

326 Urokeeper the Sneak (level 6, -1/42 HPs)
             Began as an Octopode Brigand on Oct 13, 2021.
             Slain by an ogre (25 damage)
             ... on level 4 of the Dungeon.
             The game lasted 00:10:23 (2815 turns).

Urokeeper the Sneak (Octopode Brigand)              Turns: 2815, Time: 00:10:23

Health: -1/42      AC:  1    Str: 11    XL:     6   Next: 49%
Magic:  6/6        EV: 14    Int: 13    God:
Gold:   131        SH:  0    Dex: 15    Spells: 2/5 levels left

rFire    . . .     SeeInvis +   a - +2 dagger
rCold    . . .     Faith    .   (no shield)
rNeg     . . .     Spirit   .   (helmet restricted)
rPois    .         Reflect  .   g - amulet of magic regeneration
rElec    .         Harm     .   i - ring of willpower
rCorr    .         Rampage  .   l - ring of wizardry
Will     +....                  n - ring of see invisible
Stlth    ++++......             (no ring)
HPRegen  0.14/turn              (no ring)
MPRegen  0.35/turn              (no ring)
                                (no ring)
                                (no ring)

@: no status effects
A: almost no armour, amphibious, 8 rings, camouflage 1, gelatinous body 1,
(nimble swimmer 1), tentacles
a: no special abilities


You were on level 4 of the Dungeon.
You visited 1 branch of the dungeon, and saw 4 of its levels.

You collected 131 gold pieces.

Inventory:

Hand Weapons
 a - a +2 dagger (weapon)
 q - a +2 hand axe of flaming
Missiles
 b - 7 poisoned darts
 c - a curare-tipped dart (quivered)
 o - a throwing net
Jewellery
 g - an amulet of magic regeneration (around mantle)
 i - a ring of willpower (left tentacle)
 l - a ring of wizardry (right tentacle)
 n - a ring of see invisible (on tentacle)
Scrolls
 d - a scroll of amnesia {unknown}
 e - a scroll of identify {unknown}
 k - a scroll of brand weapon {unknown}
 m - a scroll of noise {unknown}
 r - a scroll of vulnerability {unknown}
Potions
 f - 3 potions of haste {unknown}
 h - a potion of lignification {unknown}
 j - a potion of mutation {unknown}
 p - a potion of cancellation {unknown}


   Skills:
 + Level 3.3 Fighting
 + Level 3.3 Short Blades
 + Level 3.3 Throwing
 + Level 2.8 Dodging
 + Level 6.6 Stealth
 + Level 1.0 Hexes


You had 2 spell levels left.
You knew the following spells:

 Your Spells              Type           Power      Damage    Failure   Level
a - Confusing Touch       Hex            2%         N/A       24%         3

Your spell library contained the following spells:

 Spells                   Type           Power      Damage    Failure   Level
 Slow                     Hex            2%         N/A       12%         2
 Gell's Gravitas          Tloc           0%         N/A       34%         3
 Lesser Beckoning         Tloc           0%         N/A       34%         3
 Teleport Other           Tloc           0%         N/A       34%         3
 Vampiric Draining        Necr           0%         2d6       34%         3


Dungeon Overview and Level Annotations

Branches:
Dungeon (4/15)
 Temple: D:4-7

Altars:
Cheibriados
Gozag

Shops:
D:1 !   D:3 [

Annotations:
D:4 exclusions: orc priest and 1 more exclusion


Innate Abilities, Weirdness & Mutations

You cannot wear most types of armour.
You are amphibious.
You can wear up to eight rings at the same time.
Your skin changes colour to match your surroundings (Stealth+).
Your rubbery body absorbs attacks. (AC +1, EV +1)
((You are camouflaged near water. (Stealth+)))
You have tentacles for arms and can constrict up to eight enemies at once.


Message History

* * * LOW HITPOINT WARNING * * *
Your Hexes skill increases to level 1!
You have reached level 6!
Your experience leads to an increase in your attributes!
Increase (S)trength, (I)ntelligence, or (D)exterity?
You feel agile.
You hit the kobold.
You kill the kobold!
Things that are here:
a +1 flail of protection; a +3 chain mail of fire resistance You start resting.
An ogre is nearby!
You start resting.
An ogre is nearby!
You start resting.
An ogre is nearby!
Throw: 2 darts (curare)
Press: ? - help, Q - select action, (/) - cycle Shift-Dir - straight line, f - ogre
Aim: an ogre, wielding a +0 giant club (wandering, hasn't noticed you, 75% to hit)
You throw a curare-tipped dart. The curare-tipped dart hits the ogre.
The ogre is poisoned.
The ogre convulses.
The ogre seems to slow down.
The ogre shouts!
The ogre is moderately wounded.
Things that are here:
a +1 flail of protection; a +3 chain mail of fire resistance You hit the ogre.
The ogre is moderately wounded.
You hit the ogre but do no damage.
The ogre is heavily wounded.
The ogre closely misses you.
You barely miss the ogre. You squeeze the ogre, but do no damage.
The ogre is heavily wounded.
You hit the ogre.
The ogre is heavily wounded.
You hit the ogre.
The ogre is severely wounded.
The ogre hits you with a +0 giant club!!
Ouch! That really hurt!
You die...

....
#......>..#.#........###
.O...
##..................###
......#..................##
........#....##..#.#######
............#####..#
..........#.# ####
.##.........####
#.........##.#
...........(O@#
................#
...........####.# .#...##.
.# #... #. ## ..> .. #. #.


You could see an ogre (very poisoned, slow).

Vanquished Creatures
  Edmund (D:4)
  An ogre (D:3)
  An iguana (D:4)
  2 adders
  3 worms
  6 dart slugs
  4 orcs (D:4)
  7 endoplasms
  13 goblins
  8 hobgoblins
  4 quokkas
  A ball python (D:3)
  3 bats
  3 frilled lizards
  5 kobolds
  5 rats
67 creatures vanquished.

Notes
Turn   | Place    | Note
-------+----------+-------------------------------------------
     0 | D:1      | Urokeeper the Octopode Brigand began the quest for the Orb.
     0 | D:1      | Reached XP level 1. HP: 14/14 MP: 1/1
   138 | D:1      | Reached XP level 2. HP: 16/19 MP: 2/2
   548 | D:1      | Reached XP level 3. HP: 19/24 MP: 3/3
   759 | D:1      | Found Cad Edem's Distillery.
  1354 | D:2      | Reached XP level 4. HP: 30/30 MP: 4/4
  1507 | D:3      | Found an opulent altar of Gozag.
  1508 | D:3      | Found Esmi Kui's Antique Armour Shop.
  1641 | D:3      | Found a snail-covered altar of Cheibriados.
  1842 | D:3      | Noticed an ogre
  1847 | D:3      | Reached skill level 6 in Stealth
  2200 | D:3      | Killed an ogre
  2201 | D:3      | Reached XP level 5. HP: 36/36 MP: 5/5
  2384 | D:4      | Learned a level 3 spell: Confusing Touch
  2707 | D:4      | Noticed an ogre
  2714 | D:4      | Noticed Edmund
  2725 | D:4      | Killed Edmund
  2726 | D:4      | Reached skill level 1 in Hexes
  2726 | D:4      | Reached XP level 6. HP: 12/42 MP: 6/6
  2815 | D:4      | Slain by an ogre

Illustrated notes

Levels and vault maps discovered:
D:1:      dpeg_arrival_central, layout_basic, serial_shops, shop_statue
D:2:      layout_rooms, amcnicky_mini_rare_corridor_liquid
D:3:      layout_rooms, slow_altar_1, mainiacjoe_overflow_brackets,
          serial_shops, shop, minmay_ogre_servants
D:4:      layout_layer_cave, mainiacjoe_overflow_boulevard,
          nicolae_yredelemnul_corpse_copse, eino_small_chamber_without_monster,
          uniq_edmund, uniq_eustachio, uniq_robin

Skill      XL: |  1  2  3  4  5 |
---------------+----------------+-----
Dodging        | 2 |  2.8
Stealth        | 6 |  6.6
Fighting       | 3 |  3.3
Short Blades   | 3 |  3.3
Throwing       | 3 |  3.3
Hexes          | 1 |  1.0

Action                   |  1- 3 |  4- 6 || total
-------------------------+-------+-------++-------
Melee: Dagger            |    59 |    59 ||   118
       Constrict         |    12 |    11 ||    23
       Tentacles         |     8 |    13 ||    21
       Hand axe          |       |     2 ||     2
Throw: Dart              |       |    11 ||    11
 Stab: Sleeping          |    16 |    12 ||    28
Armor: Skin              |     4 |     2 ||     6
Dodge: Dodged            |    24 |    23 ||    47
